 Dungeon Crawl Stone Soup version 0.27-a0-1116-g91b3acb402 (webtiles) character file.

Game seed: 8563600303935521357

640229 dolemite99 the Warrior (level 27, -12/300 HPs)
             Began as a Demonspawn Ice Elementalist on Apr 28, 2021.
             Was a High Priest of Ashenzari.
             Mangled by an Orb Guardian (19 damage)
             ... on level 5 of the Realm of Zot on May 2, 2021.
             The game lasted 06:37:49 (146256 turns).

dolemite99 the Warrior (DsIE)                     Turns: 146256, Time: 06:37:49

Health: -12/300    AC: 30    Str: 11    XL:     27
Magic:  24/37      EV: 13    Int: 27    God:    Ashenzari [*****.]
Gold:   4442       SH: 14    Dex: 16    Spells: 1/55 levels left

rFire    + + .     SeeInvis +   v - +5 broad axe (flame)
rCold    + . .     Faith    +   A - +1 kite shield of Supernal Wisdom {rC+ rF+, Comp, Cun} (curse)
rNeg     . . .     Spirit   .   P - +7 chain mail "Bound Together" {rF++ Slay+4, Self, Melee} (curse)
rPois    .         Reflect  .   C - +1 hat of the Ensconced Sorrow {Will+, Elem, Cun} (curse)
rElec    +         Harm     .   Q - +1 cloak of the Tethered Repose {Will+, Fort, Bglg} (curse)
rCorr    .         Rampage  .   M - +0 pair of gloves "Mantic Dissatisfaction" {Melee, Range} (curse)
Will     ++++.     Clarity  +   (boots unavailable)
Stlth    ++........             p - amulet of the Profound Shame {Faith rElec Str+3 Int+3, Comp, Fort} (curse)
HPRegen  0.60/turn              c - ring of wizardry
MPRegen  0.25/turn              n - ring of Star-Bound Wisdom {AC+4, Range, Evo} (curse)

@: brilliant, lethally poisoned (-12 -> -40), fire vulnerable, unable to drink,
studying 2 skills
A: no potions, talons 3, icemail 2, powered by death 3, robust 3, sharp scales
3, condensation shield, deformed body, low mp 1, sense surroundings 1, weak 2
}: 3/15 runes: decaying, silver, gossamer
a: Renounce Religion, Curse Item, Shatter the Chains


You were on level 5 of the Realm of Zot.
You worshipped Ashenzari.
Ashenzari was extremely pleased with you.
You visited 12 branches of the dungeon, and saw 58 of its levels.
You visited the Abyss 3 times.
You visited 1 ziggurat, and saw 4 of its levels.

You collected 10022 gold pieces.
You spent 5580 gold pieces at shops.

Inventory:

Hand Weapons
 a - the +5 hand axe of Ydul {drain, Str+6 Dex+4}
   (You found it on level 4 of the Dungeon)

   A truly terrible weapon, it drains the life of those it strikes.
   It affects your strength (+6).
   It affects your dexterity (+4).
 b - the +8 hunting sling of Benevolence {freeze, rC+ rCorr}
   (You acquired it on level 5 of the Lair of Beasts)

   It causes projectiles fired from it to freeze those they strike, causing
   extra injury to most foes and up to half again as much damage against
   particularly susceptible opponents.
   They can also slow down cold-blooded creatures.
   It protects you from cold.
   It protects you from acid and corrosion.
 v - a +5 broad axe of flaming (weapon)
 V - the +9 hunting sling "Mauskott" {freeze, rElec rN++ Stlth+}
   (You found it on level 3 of the Elven Halls)

   It causes projectiles fired from it to freeze those they strike, causing
   extra injury to most foes and up to half again as much damage against
   particularly susceptible opponents.
   They can also slow down cold-blooded creatures.
   It insulates you from electricity.
   It greatly protects you from negative energy.
   It makes you more stealthy.
Missiles
 d - 1593 stones
 h - 29 sling bullets
 y - 18 silver javelins
 G - 4 throwing nets
 I - 10 javelins (quivered)
Armour
 A - the cursed +1 kite shield of Supernal Wisdom (worn) {rC+ rF+, Comp, Cun}
   (You found it on level 4 of the Swamp)

   It has a curse which improves the following skills: Companions: Summonings
   and Necromancy.
   Cunning:   Dodging and Stealth.
 C - the cursed +1 hat of the Ensconced Sorrow (worn) {Will+, Elem, Cun}
   (You took it off Gastronok on level 10 of the Dungeon)

   It has a curse which improves the following skills: Elements: Fire Magic, Ice
   Magic, Air Magic and Earth Magic.
   Cunning:   Dodging and Stealth.
 M - the cursed +0 pair of gloves "Mantic Dissatisfaction" (worn) {Melee, Range}
   (You found it on level 7 of the Dungeon)

   It has a curse which improves the following skills: Melee Combat: Short
   Blades, Long Blades, Axes, Maces & Flails, Polearms, Staves and Unarmed
   Combat.
   Ranged Combat: Slings, Bows, Crossbows and Throwing.
 P - the cursed +7 chain mail "Bound Together" (worn) {rF++ Slay+4, Self, Melee}
   (You bought it in a shop on level 1 of the Orcish Mines)

   It affects your accuracy and damage with ranged weapons and melee attacks
   (+4).
   It greatly protects you from fire.
   It has a curse which improves the following skills: Introspection: Fighting
   and Spellcasting.
   Melee Combat: Short Blades, Long Blades, Axes, Maces & Flails, Polearms,
   Staves and Unarmed Combat.
 Q - the cursed +1 cloak of the Tethered Repose (worn) {Will+, Fort, Bglg}
   (You took it off Maurice on level 9 of the Dungeon)

   It has a curse which improves the following skills: Fortitude: Armour and
   Shields.
   Beguiling: Conjurations, Hexes and Translocations.
Jewellery
 c - a ring of wizardry (left hand)
 l - a ring of protection from fire
 m - a ring of resist corrosion
 n - the cursed ring of Star-Bound Wisdom (right hand) {AC+4, Range, Evo}
   (You found it on level 6 of the Lair of Beasts)

   [ring of protection]

   It affects your AC (+4).
   It has a curse which improves the following skills: Ranged Combat: Slings,
   Bows, Crossbows and Throwing.
   Evocations: Evocations.
 p - the cursed amulet of the Profound Shame (around neck) {Faith rElec Str+3 Int+3, Comp, Fort}
   (You took it off a fire giant on level 5 of the Vaults)

   [amulet of faith]

   It allows you to gain divine favour quickly.
   It affects your strength (+3).
   It affects your intelligence (+3).
   It insulates you from electricity.
   It has a curse which improves the following skills: Companions: Summonings
   and Necromancy.
   Fortitude: Armour and Shields.
 u - a ring of poison resistance
 J - a ring of positive energy
 R - a ring of protection from cold
Wands
 e - a wand of digging (13)
 t - a wand of polymorph (32)
 z - a wand of iceblast (9)
 O - a wand of paralysis (24)
Scrolls
 k - a scroll of enchant armour
 o - 7 scrolls of teleportation
 q - 3 scrolls of fog
 r - a scroll of amnesia
 D - 5 scrolls of silence
 E - 4 scrolls of magic mapping
 H - 3 scrolls of fear
 K - 5 scrolls of vulnerability
 L - 4 scrolls of immolation
Potions
 g - 14 potions of flight
 i - 4 potions of ambrosia
 s - 6 potions of mutation
 x - 15 potions of curing
 B - a potion of cancellation
 X - 3 potions of brilliance
 Z - 3 potions of berserk rage
Miscellaneous
 F - a tin of tremorstones (inert)
 N - a piece from Xom's chessboard (15/15)
 S - a phial of floods (inert)
 T - a condenser vane (inert)
 U - a box of beasts (inert)
 W - a phantom mirror (inert)


   Skills:
 - Level 20.0(21.9) Fighting
 - Level 10.0(13.8) Axes
 - Level 7.3(13.5) Slings
 - Level 12.3(16.4) Throwing
 - Level 15.9(19.3) Armour
 - Level 16.4(19.8) Dodging
 - Level 8.0(12.0) Stealth
 - Level 11.3(15.0) Shields
 - Level 12.3(14.6) Spellcasting
 - Level 8.3(11.0) Conjurations
 - Level 8.1(10.8) Hexes
 - Level 13.9(17.4) Summonings
 - Level 12.2(15.8) Necromancy
 + Level 13.8(16.0) Translocations
 - Level 10.0(12.4) Fire Magic
 - Level 10.9(13.3) Ice Magic
 - Level 7.6(10.3) Air Magic
 - Level 7.6(10.3) Earth Magic
 - Level 8.0 Poison Magic
 - Level 7.3(10.0) Evocations


You had one spell level left.
You knew the following spells:

 Your Spells              Type           Power      Damage    Failure   Level
a - Frozen Ramparts       Ice            100%       1d12      1%          3
b - Sticky Flame          Conj/Fire      90%        2d10      1%          4
c - Borgnjor's Vile Clut  Necr/Erth      47%        N/A       1%          5
d - Shadow Creatures      Summ           N/A        N/A       1%          6
e - Malign Gateway        Summ/Tloc      52%        N/A       10%         7
f - Passwall              Tmut/Erth      53%        N/A       1%          2
g - Dispel Undead         Necr           100%       3d31      1%          4
h - Summon Mana Viper     Hex/Summ       97%        N/A       1%          5
i - Mephitic Cloud        Conj/Pois/Air  83%        N/A       1%          3
j - Dazzling Flash        Conj/Hex       100%       N/A       1%          3
k - Blink                 Tloc           N/A        N/A       1%          2
l - Sublimation of Blood  Necr           51%        N/A       1%          2
m - Apportation           Tloc           100%       N/A       1%          1
s - Animate Dead          Necr           51%        N/A       1%          4
v - Vampiric Draining     Necr           51%        2d13      1%          3

Your spell library contained the following spells:

 Spells                   Type           Power      Damage    Failure   Level
 Summon Small Mammal      Summ           100%       N/A       0%          1
 Animate Skeleton         Necr           100%       N/A       1%          1
 Corona                   Hex            96%        N/A       1%          1
 Foxfire                  Conj/Fire      100%       2x1d9     1%          1
 Freeze                   Ice            100%       1d11      1%          1
 Magic Dart               Conj           100%       1d8       1%          1
 Pain                     Necr           100%       1d9       1%          1
 Sandblast                Erth           100%       2d20      1%          1
 Shock                    Conj/Air       100%       1d9       1%          1
 Sting                    Tmut/Pois      100%       1d8       2%          1
 Beastly Appendage        Tmut           58%        N/A       12%         1
 Call Imp                 Summ           100%       N/A       1%          2
 Corpse Rot               Necr/Air       N/A        N/A       1%          2
 Ensorcelled Hibernation  Hex/Ice        100%       N/A       1%          2
 Poisonous Vapours        Pois/Air       100%       N/A       1%          2
 Searing Ray              Conj           100%       3d7       1%          2
 Slow                     Hex            87%        N/A       1%          2
 Static Discharge         Conj/Air       86%        N/A       1%          2
 Confusing Touch          Hex            87%        N/A       1%          3
 Conjure Flame            Conj/Fire      90%        6-21      1%          3
 Gell's Gravitas          Tloc           51%        N/A       1%          3
 Ignite Poison            Fire/Tmut/Pois 71%        N/A       1%          3
 Inner Flame              Hex/Fire       89%        N/A       1%          3
 Lesser Beckoning         Tloc           51%        N/A       1%          3
 Ozocubu's Armour         Ice            95%        N/A       1%          3
 Portal Projectile        Hex/Tloc       100%       N/A       1%          3
 Stone Arrow              Conj/Erth      100%       3d13      1%          3
 Swiftness                Air            85%        N/A       1%          3
 Tukima's Dance           Hex            87%        N/A       1%          3
 Airstrike                Air            42%        N/A       1%          4
 Animate Armour           Summ/Erth      100%       N/A       1%          4
 Cause Fear               Hex            43%        N/A       1%          4
 Fulminant Prism          Conj/Hex       43%        3d20      1%          4
 Hailstorm                Conj/Ice       91%        3d18      1%          4
 Iskenderun's Mystic Bla  Conj/Tloc      96%        2d19      1%          4
 Leda's Liquefaction      Hex/Erth       43%        N/A       1%          4
 Summon Ice Beast         Ice/Summ       100%       N/A       1%          4
 Summon Lightning Spire   Summ/Air       97%        N/A       1%          4
 Agony                    Necr           100%       N/A       1%          5
 Excruciating Wounds      Necr           51%        N/A       1%          5
 Summon Forest            Summ/Tloc      52%        N/A       1%          5
 Fireball                 Conj/Fire      45%        3d18      2%          5
 Metabolic Englaciation   Hex/Ice        45%        N/A       2%          5
 Bolt of Magma            Conj/Fire/Erth 44%        4d18      3%          5
 Lee's Rapid Deconstruct  Erth           42%        3d22*     4%          5
 Lightning Bolt           Conj/Air       43%        1d62      4%          5
 Silence                  Hex/Air        43%        N/A       4%          5
 Simulacrum               Ice/Necr       49%        N/A       4%          6
 Spider Form              Tmut/Pois      29%        N/A       6%          3
 Ice Form                 Ice/Tmut       70%        N/A       8%          4
 Monstrous Menagerie      Summ           53%        N/A       8%          7
 Summon Hydra             Summ           53%        N/A       8%          7
 Haunt                    Necr/Summ      52%        N/A       11%         7
 Petrify                  Tmut/Erth      64%        N/A       13%         4
 Starburst                Conj/Fire      45%        8x6d13    14%         6
 Freezing Cloud           Conj/Ice/Air   44%        6-21      16%         6
 Conjure Ball Lightning   Conj/Air       43%        3x3d15    21%         6
 Invisibility             Hex            87%        N/A       21%         6
 Iron Shot                Conj/Erth      43%        9d8       21%         6
 Yara's Violent Unravell  Hex/Tmut       32%        3d13      32%         5
 Ozocubu's Refrigeration  Ice            47%        4d14      36%         7
 Summon Horrible Things   Summ           53%        N/A       47%         8
 Alistair's Intoxication  Tmut/Pois      38%        N/A       50%         5
 Statue Form              Tmut/Erth      42%        N/A       87%         6
 Hydra Form               Tmut           14%        N/A       95%         5
 Ignition                 Fire           46%        3d13      98%         8
 Blade Hands              Tmut           14%        N/A       100%        6
 Discord                  Hex            43%        N/A       100%        8
 Dragon's Call            Summ           53%        N/A       100%        9
 Shatter                  Erth           42%        3d33*     100%        9


Dungeon Overview and Level Annotations

Branches:
Dungeon (15/15)            Temple (1/1) D:7            Lair (6/6) D:9
  Swamp (4/4) Lair:3       Spider (4/4) Lair:3        Slime (5/5) Lair:5
    Orc (2/2) D:9             Elf (3/3) Orc:2        Vaults (5/5) D:14
  Crypt (3/3) Vaults:3       Tomb (0/3) Crypt:3      Depths (5/5) D:15
    Zot (5/5) Depths:5

Altars:
Ashenzari
Cheibriados
Dithmenos
Elyvilon
Fedhas
Gozag
Hepliaklqana
Kikubaaqudgha
Makhleb
Nemelex Xobeh
Okawaru
Qazlal
Ru
Sif Muna
Trog
Uskayaw
Vehumet
Wu Jian
Xom
Yredelemnul
Zin
The Shining One
Beogh
Jiyva

Shops:
D:11 !   D:13 (   D:15 *   Orc:1 !(**   Orc:2 *[(:   Elf:2 ?   Elf:3 (
Vaults:2 [   Depths:4 (=:=

Portals:
Hell: Depths:1 Depths:2 Depths:3 Depths:4 Depths:5
Abyss: Depths:1 Depths:3 Depths:4
Pandemonium: Depths:3 Depths:5
Trove: D:10 (give 2 scrolls of acquirement)

Annotations:
Lair:1 exclusion: oklob plant
Lair:4 exclusion: 2 oklob plants
Lair:6 3 runed translucent doors, indyram44's ghost, journeyman MiMo
Spider:3 2 transporters, exclusion: orange crystal statue
Slime:5 Royal Jelly
Elf:2 3 runed translucent doors
Crypt:1 Mara
Crypt:3 Khufu
Depths:4 2 runed translucent doors
Zot:1 exclusion: orb of fire
Zot:2 29 runed doors


Innate Abilities, Weirdness & Mutations

You cannot drink.
You have claws for feet.
A meltable icy envelope protects you from harm. (AC +0)
You regenerate a lot of health from kills.
You are extremely robust. (+30% HP)
You are completely covered in razor-sharp scales. (AC +3, Slay +3)
A meltable shield of frost defends you. (SH +0)
Armour fits poorly on your strangely shaped body.
Your magical capacity is low. (-10% MP)
You passively map a small area around you.
You are very weak. (Str -4)


Message History

The Orb Guardian blinks into view!
You slice the Orb Guardian!! You burn the Orb Guardian.
You claw the Orb Guardian.
The Orb Guardian is moderately wounded.
You hit the Killer Klown but do no damage.
You slash the orb of fire! You completely miss the Orb Guardian.
You slash the Orb Guardian! You burn the Orb Guardian.
You barely miss the orb of fire.
You hit the Killer Klown but do no damage.
You slice the Killer Klown!! You burn the Killer Klown!
The Orb Guardian hits you!
* * * LOW HITPOINT WARNING * * *
You block the Orb Guardian's attack. You block the Killer Klown's attack.
You block the Orb Guardian's attack.
The Killer Klown kneecaps you with a +12 club of electrocution.
* * * LOW HITPOINT WARNING * * *
The Killer Klown pokes you with a +10 club of venom.
* * * LOW HITPOINT WARNING * * *
You are poisoned.
The Orb Guardian hits you!
* * * LOW HITPOINT WARNING * * *
You hit the Orb Guardian. You burn the Orb Guardian.
The Orb Guardian is moderately wounded.
You completely miss the Killer Klown.
You hit the Killer Klown but do no damage.
You miss the orb of fire.
You hit the Orb Guardian but do no damage. x2
You completely miss the orb of fire.
You hit the Killer Klown but do no damage.
You feel sick. You block the Orb Guardian's attack.
The Killer Klown splashes around in the water.
You block the Orb Guardian's attack. The Killer Klown pies you viciously!
The klown pie misses you.
The klown pie hits the orb of fire but does no damage.
The Killer Klown tickles you with a +10 club of venom!
* * * LOW HITPOINT WARNING * * *
You are lethally poisoned!
The Orb Guardian hits you!!
You die...

#.......⌠...#..
######..........#..
##...##..........'..
#≈≈≈≈............##. ###
#≈≈≈≈##...##.....##.
######.#####≈≈≈##...##.....##.
########....##≈p≈≈....#.........
##......#....#^*Lp≈....#.........
#.....p......#.X@X.<...#.........
#⌠.§........*#pX*p.....#...).....
#§§§§......§.'.........+......###
##§§§..§##..q#....##...#####'###.
##§§.w{.##..d##...##...####...##.
#§§§§*p.##.{.##...##.....#.....#.
#§§...^.##.{.##....#.....'.....#.
▓▓▓▓########.########▓▓▓▓########
#▓▓▓#........{......#▓▓▓##.......


You could see 2 orbs of fire, 4 Killer Klowns, an ancient lich, a green
draconian shifter and 3 Orb Guardians.

Vanquished Creatures
  A dread lich (Vaults:5)
  3 ancient liches
  A juggernaut (Depths:2)
  Saint Roka (Orc:2)
  2 curse toes
  5 golden dragons
  Nikola (Swamp:4)
  A profane servitor (Abyss:3)
  Arachne (Spider:3)
  3 bone dragons
  A hellephant (Depths:3)
  Jorgrun (D:13)
  8 tentacled monstrosities
  3 Orb Guardians (Zot:5)
  2 deep elf master archers (Elf:3)
  8 quicksilver dragons
  10 liches
  A titan (Vaults:5)
  A deep elf blademaster (Elf:3)
  7 death cobs
  4 sphinxes
  4 acid blobs
  3 ancient champions
  5 tentacled starspawn
  Agnes (Elf:1)
  6 storm dragons
  Gastronok (D:10)
  2 revenants
  4 tengu reavers
  Roxanne (D:15)
  9 shadow dragons
  A thorn hunter (Swamp:1)
  2 rockslimes (Slime:5)
  Donald (Vaults:3)
  A storm dragon (shapeshifter) (Vaults:5)
  The ghost of Deodd the Tortoise, an adept GrFi of Okawaru (Swamp:3)
  2 draconian monks (Zot:4)
  9 fire giants
  7 frost giants
  3 deep elf sorcerers
  5 emperor scorpions
  2 iron dragons (Vaults:5)
  8 ghost moths
  2 azure jellies
  3 draconian knights
  3 orc warlords
  4 vault wardens
  A balrug (Abyss:3)
  6 ghouls
  4 deep elf elementalists
  2 draconian scorchers
  2 draconian shifters (Zot:4)
  2 draconian stormcallers
  2 curse skulls
  9 ironbound preservers
  3 reapers
  2 war gargoyles
  29 very ugly things
  A spriggan defender (Depths:3)
  2 quicksilver oozes
  10 stone giants
  A draconian annihilator (Zot:4)
  A caustic shrike skeleton (Depths:4)
  6 starcursed masses
  2 lorocyprocas
  12 vampire knights
  5 green draconians
  A red draconian (Zot:3)
  Azrael (Orc:2)
  2 black draconians
  5 deep elf annihilators
  8 entropy weavers
  4 white draconians
  4 deep elf demonologists
  8 bunyips
  4 spark wasps
  7 yellow draconians
  7 dire elephants
  6 eleionomae
  2 green deaths (Abyss:1)
  6 purple draconians
  9 deep elf death magi
  11 fire dragons
  Snorg (D:10)
  A merfolk javelineer (Depths:4)
  2 crystal guardians (Vaults:4)
  The ghost of Orlauf the Carver, a journeyman DsGl of Okawaru (D:12)
  24 ettins
  20 jiangshi
  2 mummy priests (Crypt:3)
  5 deep elf high priests
  Josephine (Spider:1)
  A shambling mangrove (Swamp:1)
  Fannar (D:11)
  Erolcha (D:11)
  A fenstrider witch zombie (Crypt:1)
  12 yaktaur captains
  10 great orbs of eyes
  7 ironbound thunderhulks
  10 vault guards
  7 rakshasas
  5 boulder beetles
  6 ice dragons
  4 death knights
  A ghost crab (Swamp:2)
  A peacekeeper (Vaults:4)
  2 catoblepae
  5 ogre magi
  A merfolk avatar (Lair:6)
  4 spriggan air magi
  18 hydras
  5 ironbound frosthearts
  4 centaur warriors
  2 quicksilver dragon skeletons
  9 two-headed ogres
  10 death yaks
  6 alligators
  18 dancing weapons
  2 titan zombies (Depths:2)
  10 tengu warriors
  9 hell hogs (Depths:3)
  8 deep troll shamans
  Urug (D:10)
  11 spriggan berserkers
  3 vampire magi
  14 deep troll earth magi
  3 orc high priests
  5 ironbound beastmasters
  5 thrashing horrors
  Sonja (Lair:1)
  15 deep elf knights
  A hell knight (Depths:1)
  7 wretched stars
  3 soul eaters
  6 shadow wraiths
  16 skeletal warriors
  7 iron trolls
  A sun demon (Depths:5)
  4 goliath frogs
  9 flayed ghosts
  51 deep trolls
  A death drake (Zot:3)
  3 glowing orange brains
  2 lindwurms (Swamp:4)
  4 spriggan druids
  3 orc knights
  14 ironbound convokers
  9 phantasmal warriors
  7 swamp dragons
  6 bog bodies
  28 deep elf zephyrmancers
  An anaconda skeleton (Crypt:1)
  14 deep elf archers
  12 wizards
  A golden dragon skeleton (Depths:4)
  Pikel (D:5)
  5 orc sorcerers
  3 harpies
  6 necromancers
  30 deep elf pyromancers
  A harpy (shapeshifter) (Abyss:2)
  6 orb spiders
  A stone giant zombie (Depths:2)
  A frost giant zombie (Abyss:2)
  24 wolf spiders
  63 ugly things
  A salamander (Depths:5)
  A will-o-the-wisp (Swamp:3)
  A shadow dragon skeleton (Depths:4)
  5 cyclopes
  5 large abominations (Abyss:3)
  8 manticores
  2 stone giant skeletons
  Maurice (D:9)
  25 moths of wrath
  A frost giant skeleton (Depths:1)
  10 elephants
  14 vault sentinels
  An alligator snapping turtle zombie (Crypt:2)
  4 black mambas
  A fire giant skeleton (Crypt:1)
  A gargoyle (D:13)
  3 orange demons
  14 cane toads
  3 torpor snails
  4 smoke demons
  13 komodo dragons
  A naga mage (Abyss:1)
  A grey draconian zombie (Crypt:1)
  7 rime drakes
  Maggie (D:9)
  9 demonic crawlers
  22 yaktaurs
  2 hellwings
  3 efreet
  A komodo dragon (shapeshifter) (D:13)
  Psyche (D:12)
  2 tengu conjurers
  9 guardian mummies
  7 freezing wraiths
  2 golden dragon simulacra
  6 ancient zymes
  A polar bear (shapeshifter) (Abyss:3)
  A meliai (shapeshifter) (Vaults:5)
  30 jumping spiders
  8 trolls
  2 red devils (Abyss:3)
  6 polar bears
  A wind drake (shapeshifter) (Vaults:1)
  Prince Ribbit (D:5)
  17 hornets
  2 wind drakes (Lair:6)
  A bloated husk (Swamp:1)
  46 slime creatures
  9 raiju
  A death drake skeleton (Crypt:2)
  2 ettin zombies
  10 tyrant leeches
  36 blink frogs
  11 dream sheep
  63 flying skulls
  72 redbacks
  26 tarantellas
  12 water elementals
  8 shadows
  A centaur simulacrum (D:14)
  A spriggan skeleton (Depths:1)
  A dire elephant simulacrum (Crypt:3)
  11 spriggans
  An air elemental (Elf:1)
  6 wyverns
  A vampire (D:12)
  5 ynoxinuls
  8 wraiths
  13 humans
  6 fire elementals
  35 yaks
  5 basilisks
  4 steam dragons
  14 golden eyes
  6 vampire mosquitoes
  Grum (Lair:1)
  5 wargs
  A swamp worm (shapeshifter) (Depths:5)
  A catoblepas simulacrum (Crypt:3)
  Edmund (D:4)
  A cane toad zombie (Crypt:2)
  20 water moccasins
  20 swamp worms
  An acid dragon (D:9)
  2 floating eyes
  8 nameless horrors
  6 hell hounds
  3 swamp drakes
  3 black bears
  2 sky beasts
  35 orc warriors
  2 ice beasts
  2 ice dragon simulacra
  8 necrophages
  5 wolves
  15 ogres
  9 centaurs
  A rime drake zombie (Crypt:2)
  4 lemures (D:5)
  A phantom (D:5)
  2 kobold brigands
  7 bullfrogs
  6 earth elementals
  A komodo dragon skeleton (Crypt:2)
  A gnoll sergeant (D:10)
  A cyclops zombie (Depths:2)
  An elf skeleton (Crypt:2)
  2 water moccasin zombies (D:5)
  3 scorpions
  The ghost of Splishie the Fighter, a weakling GnWn of Zin (D:3)
  11 small abominations
  5 killer bees
  A manticore simulacrum (Crypt:1)
  A warg skeleton (Crypt:1)
  5 wights (D:9)
  8 howler monkeys
  2 bullfrog zombies
  9 electric eels
  7 centaur zombies
  A lava snake (Swamp:4)
  3 quasits
  3 hounds
  2 jellies
  20 orc priests
  2 gnoll shamans
  A bullfrog skeleton (D:6)
  2 centaur skeletons (D:5)
  17 orc wizards
  An iguana (D:6)
  A scorpion simulacrum (D:3)
  3 howler monkey zombies
  4 adders
  17 gnolls
  2 hound simulacra (D:3)
  A swamp drake skeleton (Crypt:1)
  A shadow imp (D:6)
  3 white imps
  An ufetubus (D:4)
  An adder skeleton (D:4)
  A worm (Lair:3)
  4 dart slugs
  2 adder simulacra (D:3)
  78 orcs
  4 bats
  6 endoplasms
  6 giant cockroaches
  11 hobgoblins
  8 jackals
  4 quokkas
  2 ball pythons
  3 frilled lizards
  4 goblins
  10 kobolds
  5 rats
  3 starspawn tentacles
2132 creatures vanquished.

Vanquished Creatures (collateral kills)
  2 dread liches (Zot:5)
  An ancient lich (Vaults:5)
  An orb of fire (Zot:1)
  Mennas (Depths:5)
  Sojobo (Vaults:4)
  A curse toe (Zot:3)
  5 golden dragons
  A bone dragon (Zot:3)
  An electric golem (Zot:4)
  Rupert (Orc:2)
  6 Orb Guardians (Zot:5)
  8 tentacled monstrosities
  3 titans (Vaults:5)
  A deep elf blademaster (Elf:3)
  A lich (Vaults:5)
  A quicksilver dragon (Zot:1)
  A tentacled starspawn (Abyss:1)
  4 death cobs
  9 acid blobs
  An Executioner (Abyss:1)
  3 tengu reavers
  4 shadow dragons
  3 draconian monks
  4 storm dragons
  2 fire giants
  9 azure jellies
  4 frost giants
  6 rockslimes
  3 deep elf sorcerers
  5 vault wardens
  3 ironbound preservers
  A draconian scorcher (Zot:5)
  2 draconian shifters
  4 draconian stormcallers
  8 quicksilver oozes
  A reaper (Depths:5)
  2 war gargoyles (Vaults:5)
  3 very ugly things
  5 stone giants
  6 red draconians
  2 deep elf demonologists
  2 black draconians (Zot:3)
  3 green draconians
  2 deep elf annihilators (Elf:3)
  A dire elephant (Vaults:1)
  4 white draconians
  2 purple draconians (Zot:2)
  3 yellow draconians
  A bunyip (Zig:2)
  4 spark wasps (Depths:5)
  6 ettins
  2 eleionomae
  5 deep elf death magi
  2 fire dragons
  3 yaktaur captains
  5 deep elf high priests
  6 great orbs of eyes
  2 ice dragons
  21 vault guards
  5 hydras
  A boulder beetle (Spider:1)
  A spriggan air mage (Depths:5)
  A catoblepas (Depths:2)
  4 two-headed ogres (Vaults:5)
  2 death yaks (Depths:2)
  A deep troll shaman (Depths:4)
  2 dancing weapons
  A death knight (D:12)
  A tengu warrior (Depths:2)
  5 hell hogs
  A death scarab (Zig:3)
  A soul eater (Zot:3)
  2 deep troll earth magi
  An ironbound beastmaster (Vaults:1)
  4 hell knights
  2 spriggan berserkers (Elf:3)
  A deep elf knight (Vaults:5)
  A salamander mystic (Depths:5)
  A wretched star (Abyss:3)
  2 iron trolls
  A death drake (Zot:3)
  A goliath frog (Swamp:3)
  2 deep trolls
  A wizard (Abyss:3)
  A glowing orange brain (Depths:5)
  2 phantasmal warriors (Vaults:5)
  A bog body (Swamp:3)
  2 ironbound convokers (Vaults:5)
  2 orc knights
  A deep elf zephyrmancer (Elf:3)
  2 necromancers
  An oklob plant (Lair:5)
  A tengu skeleton (Depths:4)
  A deep elf pyromancer (Vaults:5)
  3 ugly things
  5 orb spiders
  A worldbinder (Abyss:3)
  6 shining eyes
  3 wolf spiders
  A salamander (Depths:5)
  7 moths of wrath
  A stone giant skeleton (Zig:3)
  4 elephants
  4 vault sentinels
  An eye of devastation (Slime:3)
  A smoke demon (Abyss:2)
  A torpor snail (Spider:4)
  2 hellions (Zot:4)
  A gargoyle (D:14)
  2 cane toads
  2 spectral redbacks (D:12)
  2 yaktaurs
  An orange demon (Abyss:1)
  A rime drake (Lair:6)
  2 starcursed masses (Abyss:1)
  14 nameless horrors
  A hellwing (Abyss:1)
  A red devil (Abyss:3)
  3 guardian mummies
  A tyrant leech (Swamp:3)
  9 jumping spiders
  4 ancient zymes
  2 large abominations (Abyss:1)
  A polar bear (Lair:6)
  2 raiju
  3 hornets
  7 blink frogs
  A centaur simulacrum (D:12)
  A flying skull (Zig:4)
  An air elemental (Elf:3)
  45 slime creatures
  9 tarantellas
  5 spriggans
  2 fire bats (Abyss:1)
  17 redbacks
  12 yaks
  2 water elementals (Elf:3)
  12 golden eyes
  2 fire elementals (Zot:4)
  2 swamp worms (Swamp:4)
  3 wargs
  2 water moccasins
  A hell hound (Abyss:2)
  2 floating eyes
  3 orc warriors
  A cane toad skeleton (Crypt:1)
  A swamp drake (shapeshifter) (Vaults:5)
  A swamp drake (Swamp:4)
  A scorpion (Lair:3)
  A shapeshifter zombie (Crypt:2)
  A jelly (Abyss:3)
  2 quasits (Abyss:1)
  An orc priest (Orc:2)
  3 mummies
  A worm (Lair:3)
  An orc (Orc:1)
  A giant cockroach (Lair:3)
  A starspawn tentacle (Abyss:1)
500 creatures vanquished.

Vanquished Creatures (others)
  8 eldritch tentacles (Zot:5)
  A fire giant (Depths:4)
  A draconian knight (Zot:4)
  A vampire knight (Depths:2)
  A black draconian (Zot:5)
  A vault guard (D:14)
  A spriggan berserker (Swamp:3)
  A deep elf knight (Elf:1)
  A sun demon (Abyss:3)
  A shadow wraith (Vaults:5)
  2 swamp dragons (Swamp:4)
  A skeletal warrior (D:12)
  A lindwurm (Swamp:4)
  A necromancer (D:12)
  A deep elf pyromancer (Elf:1)
  A deep elf zephyrmancer (Elf:2)
  An orb spider (Spider:2)
  A tyrant leech (Swamp:2)
  3 dancing weapons
  A hornet (Swamp:1)
  4 bloated husks
  A raiju (Abyss:3)
  A spriggan (Swamp:3)
  2 steam dragons (Swamp:4)
  2 spatial vortices (Abyss:1)
  A floating eye (Depths:3)
  2 nameless horrors
  2 orc warriors
  6 swamp drakes (Swamp:4)
  4 foxfires (Swamp:3)
  95 fungi
  A lurking horror (Abyss:1)
  115 plants
  18 starspawn tentacles
  62 withered plants (Crypt:1)
346 creatures vanquished.

Grand Total: 2978 creatures vanquished

Notes
Turn   | Place    | Note
-------+----------+-------------------------------------------
     0 | D:1      | dolemite99 the Demonspawn Ice Elementalist began the quest
                  | for the Orb.
     0 | D:1      | Reached XP level 1. HP: 13/13 MP: 3/3
   679 | D:1      | Gained mutation: You have sharp toenails. [demonic
                  | ancestry]
   679 | D:1      | Reached XP level 2. HP: 13/19 MP: 1/5
  1107 | D:1      | Found a faded altar of an unknown god.
  2382 | D:1      | Gained mutation: You are partially covered in razor-sharp
                  | scales. (AC +1, Slay +1) [demonic ancestry]
  2382 | D:1      | Reached XP level 3. HP: 17/24 MP: 0/6
  3054 | D:2      | Learned a level 3 spell: Frozen Ramparts
  4101 | D:2      | Reached skill level 5 in Ice Magic
  4104 | D:2      | Reached XP level 4. HP: 17/30 MP: 2/7
  5208 | D:2      | Learned a level 3 spell: Ozocubu's Armour
  5317 | D:2      | Reached XP level 5. HP: 35/35 MP: 6/8
  5572 | D:3      | Found a sparkling altar of Nemelex Xobeh.
  5629 | D:3      | You fall into a shaft and drop 2 floors!
  5629 | D:5      | Entered Level 5 of the Dungeon
  5630 | D:5      | Noticed a phantom
  6089 | D:5      | Found a broken altar of Ashenzari.
  6095 | D:5      | Noticed an ogre
  6109 | D:5      | Noticed a water moccasin
  6110 | D:5      | Killed an ogre
  6111 | D:5      | Gained mutation: A meltable shield of frost defends you.
                  | (SH +0) [demonic ancestry]
  6111 | D:5      | Reached XP level 6. HP: 41/41 MP: 4/11
  6127 | D:5      | Killed a water moccasin
  6174 | D:5      | Reached skill level 5 in Spellcasting
  6453 | D:5      | Became a worshipper of Ashenzari the Shackled
  6662 | D:4      | Reached XP level 7. HP: 19/46 MP: 3/15
  7467 | D:4      | Identified the +5 hand axe of Ydul {drain, Str+6 Dex+4}
  7484 | D:4      | Reached skill level 1 in Axes
  8401 | D:4      | Learned a level 1 spell: Animate Skeleton
  8405 | D:4      | Learned a level 3 spell: Vampiric Draining
  8444 | D:3      | Found a radiant altar of Vehumet.
  8631 | D:3      | Noticed Splishie's ghost (weakling GnWn)
  9149 | D:3      | Found a runed translucent gate.
  9149 | D:3      | Found a runed translucent gate.
  9149 | D:3      | Found a runed translucent gate.
  9535 | D:4      | Noticed Edmund
  9557 | D:4      | Killed Edmund
  9558 | D:4      | Gained mutation: A meltable icy envelope protects you from
                  | harm. (AC +0) [demonic ancestry]
  9558 | D:4      | Reached XP level 8. HP: 41/52 MP: 6/17
 10225 | D:4      | Found an ornate altar of the Wu Jian Council.
 11012 | D:5      | Reached skill level 5 in Axes
 11240 | D:5      | Found a hazy altar of Hepliaklqana.
 11483 | D:5      | Identified the cursed +2 ring mail of Supernal Wisdom {rN+,
                  | Cun, Self} (You found it on level 1 of the Dungeon)
 11655 | D:5      | Reached skill level 1 in Fighting
 11949 | D:5      | Noticed Prince Ribbit
 11955 | D:5      | Killed Prince Ribbit
 11956 | D:5      | Reached skill level 3 in Fighting
 12261 | D:5      | Reached skill level 4 in Fighting
 12329 | D:5      | Reached XP level 9. HP: 66/66 MP: 14/18
 12505 | D:5      | Noticed Pikel
 12514 | D:5      | Killed Pikel
 12732 | D:6      | Reached * piety under Ashenzari
 12741 | D:6      | Found a blossoming altar of Fedhas.
 13152 | D:6      | Reached skill level 5 in Fighting
 13200 | D:6      | Identified the +6 chain mail "Rups" {rElec rF+ Str+5
                  | Stlth+}
 13293 | D:6      | Reached skill level 6 in Fighting
 13364 | D:6      | Reached skill level 1 in Armour
 13863 | D:7      | Noticed a troll
 13879 | D:7      | Killed a troll
 14609 | D:7      | Found a staircase to the Ecumenical Temple.
 14615 | Temple   | Entered the Ecumenical Temple
 14941 | D:8      | Reached ** piety under Ashenzari
 14957 | D:8      | Noticed a two-headed ogre
 14964 | D:8      | Killed a two-headed ogre
 14965 | D:8      | Gained mutation: You have razor-sharp toenails. [demonic
                  | ancestry]
 14965 | D:8      | Reached XP level 10. HP: 66/79 MP: 20/20
 15235 | D:8      | Noticed a two-headed ogre
 15247 | D:8      | Killed a two-headed ogre
 15954 | D:8      | Found an iron altar of Okawaru.
 16234 | D:9      | Noticed a manticore
 16242 | D:9      | Killed a manticore
 16378 | D:9      | Noticed a manticore
 16388 | D:9      | Killed a manticore
 16390 | D:9      | Noticed Maggie
 16400 | D:9      | Killed Maggie
 16403 | D:9      | Reached skill level 5 in Dodging
 16415 | D:9      | Noticed Maurice
 16426 | D:9      | Killed Maurice
 16431 | D:9      | Found a staircase to the Lair.
 17169 | D:9      | Found a staircase to the Orcish Mines.
 17215 | D:9      | Gained mutation: You are mostly covered in razor-sharp
                  | scales. (AC +2, Slay +2) [demonic ancestry]
 17215 | D:9      | Reached XP level 11. HP: 79/81 MP: 8/19
 17530 | D:9      | Identified the +1 ring mail "Pusolost" {Dex+4}
 17967 | D:10     | Entered Level 10 of the Dungeon
 18166 | D:10     | Noticed a death knight
 18182 | D:10     | Killed a death knight
 18198 | D:10     | Identified the cursed +1 cloak of the Tethered Repose
                  | {Will+, Fort, Bglg} (You took it off Maurice on level 9 of
                  | the Dungeon)
 18198 | D:10     | Identified the cursed +0 pair of gloves "Mantic
                  | Dissatisfaction" {Melee, Range} (You found it on level 7 of
                  | the Dungeon)
 18212 | D:10     | Noticed a two-headed ogre
 18213 | D:10     | Noticed a deep elf pyromancer
 18387 | D:10     | Killed a two-headed ogre
 18415 | D:10     | Killed a deep elf pyromancer
 18581 | D:10     | Reached *** piety under Ashenzari
 18862 | D:10     | Noticed a green ugly thing
 18863 | D:10     | Noticed a white ugly thing
 18884 | D:9      | Killed a green ugly thing
 19658 | D:10     | Found a sacrificial altar of Ru.
 19663 | D:10     | Found a shimmering altar of Xom.
 19664 | D:10     | Found an opulent altar of Gozag.
 19664 | D:10     | Found a stormy altar of Qazlal.
 19842 | D:10     | Killed a white ugly thing
 19928 | D:10     | Noticed Gastronok
 19951 | D:10     | Killed Gastronok
 20039 | D:10     | Noticed Snorg
 20053 | D:10     | Noticed Urug
 20057 | D:10     | Noticed a boulder beetle
 20334 | D:11     | Noticed Erolcha
 20346 | D:11     | Killed Erolcha
 20347 | D:11     | Gained mutation: You are robust. (+10% HP) [demonic
                  | ancestry]
 20347 | D:11     | Reached XP level 12. HP: 83/97 MP: 18/25
 20532 | D:11     | Noticed Fannar
 20574 | D:10     | Killed a boulder beetle
 20639 | D:10     | Killed Urug
 20652 | D:10     | Identified the cursed +1 helmet "Behold Eternity" {Elem,
                  | Comp} (You found it on level 8 of the Dungeon)
 20888 | D:10     | Killed Snorg
 20889 | D:10     | Reached skill level 1 in Throwing
 20889 | D:10     | Reached skill level 1 in Evocations
 20893 | D:10     | Found a portal to a secret trove of treasure.
 21064 | D:11     | Killed Fannar
 21065 | D:11     | Reached skill level 7 in Fighting
 21294 | D:11     | Found Uheodish's Distillery.
 21298 | D:11     | Bought 2 potions of invisibility for 160 gold pieces
 21298 | D:11     | Bought a potion of magic for 80 gold pieces
 21298 | D:11     | Bought a potion of might for 40 gold pieces
 21298 | D:11     | Bought a potion of curing for 30 gold pieces
 21298 | D:11     | Bought a potion of curing for 30 gold pieces
 21298 | D:11     | Bought a potion of brilliance for 40 gold pieces
 21298 | D:11     | Bought a potion of brilliance for 40 gold pieces
 21831 | D:11     | Reached skill level 5 in Evocations
 21968 | Lair:1   | Entered Level 1 of the Lair of Beasts
 22057 | Lair:1   | Noticed a death yak
 22057 | Lair:1   | Noticed a death yak
 22059 | Lair:1   | Noticed a death yak
 22073 | Lair:1   | Noticed a death yak
 22079 | Lair:1   | Noticed Sonja
 22223 | Lair:1   | Reached skill level 1 in Necromancy
 22383 | Lair:1   | Killed a death yak
 22388 | Lair:1   | Killed a death yak
 22506 | Lair:1   | Killed a death yak
 22513 | Lair:1   | Killed a death yak
 22522 | Lair:1   | Killed Sonja
 22523 | Lair:1   | Reached skill level 8 in Fighting
 22854 | Lair:1   | Noticed Grum
 22911 | Lair:1   | Killed Grum
 22988 | Lair:1   | Reached XP level 13. HP: 108/108 MP: 26/26
 23021 | Lair:1   | Upgraded the game from 0.27-a0-1090-gb115f176c6 to
                  | 0.27-a0-1105-g946c659c87
 24044 | Lair:2   | Reached skill level 10 in Ice Magic
 24752 | Lair:3   | Found a hole to the Spider Nest.
 25134 | Lair:3   | Reached skill level 10 in Spellcasting
 25148 | Lair:3   | Found a staircase to the Swamp.
 25150 | Lair:3   | Identified the +7 flail of Uwiafiuc {vorpal, rElec Int+2}
 26104 | Lair:4   | Reached **** piety under Ashenzari
 26143 | Lair:4   | Reached skill level 1 in Conjurations
 26412 | Lair:3   | Learned a level 4 spell: Hailstorm
 26508 | Lair:4   | Reached skill level 5 in Conjurations
 26981 | Lair:4   | Reached XP level 14. HP: 110/116 MP: 24/28
 27012 | Lair:4   | Learned a level 3 spell: Dazzling Flash
 27014 | Lair:4   | Learned a level 1 spell: Corona
 27018 | Lair:4   | Learned a level 3 spell: Confusing Touch
 27514 | Lair:4   | Found a blossoming altar of Fedhas.
 27696 | Lair:5   | Reached skill level 1 in Hexes
 28245 | Lair:5   | Found a viscous altar of Jiyva.
 28245 | Lair:5   | Found a staircase to the Slime Pits.
 28422 | Lair:5   | Found a frozen archway.
 28544 | Lair:6   | Entered Level 6 of the Lair of Beasts
 29046 | Lair:6   | Reached skill level 5 in Hexes
 29069 | Lair:6   | Reached skill level 5 in Throwing
 29756 | Lair:6   | Found a runed translucent gate.
 29756 | Lair:6   | Found a runed translucent gate.
 29784 | Lair:6   | Found a runed translucent gate.
 29785 | Lair:6   | Noticed a quicksilver ooze
 29786 | Lair:6   | Noticed a quicksilver ooze
 29787 | Lair:6   | Noticed indyram44's ghost (journeyman MiMo)
 29794 | Lair:6   | Found a viscous altar of Jiyva.
 30062 | Lair:6   | Learned a level 4 spell: Cause Fear
 30157 | Lair:6   | Identified a scroll of acquirement
 30158 | Lair:6   | Identified the +6 mace "Igret" {vorpal, +Rage Dex+2}
 30161 | Lair:6   | Identified the +9 plate armour of Luwkoweu {Will+}
 30230 | Lair:5   | Acquired the +8 hunting sling of Benevolence {freeze, rC+
                  | rCorr}
 30270 | Lair:6   | Reached skill level 1 in Slings
 30682 | Orc:1    | Entered Level 1 of the Orcish Mines
 30685 | Orc:1    | Noticed an orc warlord
 30968 | D:12     | Found a transporter.
 30979 | D:12     | Noticed Orlauf's ghost (journeyman DsGl)
 31121 | D:12     | Noticed Psyche
 31128 | D:12     | Killed Psyche
 31226 | D:12     | Found a transporter.
 31506 | D:12     | Identified the +6 trident "Hugged" {venom, Drain Str+7
                  | Dex-3}
 31734 | D:13     | Reached XP level 15. HP: 123/123 MP: 25/29
 31906 | D:13     | Noticed Jorgrun
 32090 | D:13     | Found Gutur's Antique Weapon Shop.
 32141 | D:13     | Killed Jorgrun
 32142 | D:13     | Reached skill level 9 in Fighting
 33311 | D:9      | Killed an orc warlord
 33388 | Orc:1    | Reached skill level 10 in Fighting
 33392 | Orc:1    | Found Azimilyf's General Store.
 33492 | Orc:1    | Found Ogump's Assorted Antiques.
 33506 | Orc:1    | Bought a scroll labelled DUTITT HEDET for 27 gold pieces
 33506 | Orc:1    | Bought a glowing bone wand for 108 gold pieces
 33525 | Orc:1    | Found Suop's Weapon Boutique.
 33593 | Orc:1    | Found Guplauw's Distillery.
 33605 | Orc:1    | Bought a potion of heal wounds for 65 gold pieces
 33605 | Orc:1    | Bought a potion of heal wounds for 65 gold pieces
 33605 | Orc:1    | Bought a potion of haste for 130 gold pieces
 33605 | Orc:1    | Bought a potion of might for 52 gold pieces
 33605 | Orc:1    | Bought a potion of brilliance for 52 gold pieces
 33605 | Orc:1    | Bought a potion of curing for 39 gold pieces
 33605 | Orc:1    | Bought a potion of curing for 39 gold pieces
 33605 | Orc:1    | Bought a potion of curing for 39 gold pieces
 33605 | Orc:1    | Bought a potion of curing for 39 gold pieces
 34101 | Orc:2    | Entered Level 2 of the Orcish Mines
 34101 | Orc:2    | Found a staircase to the Elven Halls.
 34118 | Orc:2    | Reached skill level 5 in Slings
 34514 | Orc:2    | Noticed Azrael
 34538 | Orc:2    | Killed Azrael
 34804 | Orc:2    | Noticed an orc warlord
 34820 | Orc:2    | Killed an orc warlord
 34982 | Orc:2    | Found Ceinig's Antique Armour Boutique.
 35319 | Orc:2    | Found Cideag's Antique Weapon Shoppe.
 35353 | Orc:2    | Noticed Rupert
 35385 | Orc:2    | Killed Rupert
 35386 | Orc:2    | Reached skill level 5 in Necromancy
 35444 | Orc:2    | Noticed Saint Roka
 35496 | Orc:2    | Killed Saint Roka
 35600 | Orc:2    | Found Suipn's General Store.
 35608 | Orc:2    | Bought a scroll of silence for 97 gold pieces
 35932 | Orc:2    | Found Xuupn's Book Boutique.
 36168 | Orc:1    | Bought the +7 chain mail of the Pits of Slime {rF++ Slay+4}
                  | for 969 gold pieces
 36644 | D:14     | Found a shadowy altar of Dithmenos.
 36782 | D:14     | Reached skill level 5 in Armour
 37071 | D:14     | Identified the +9 great mace of Domination {antimagic,
                  | rElec rF+ rC+}
 37398 | D:14     | Found a gate to the Vaults.
 37618 | D:15     | Entered Level 15 of the Dungeon
 37657 | D:15     | Identified Zism's Primer on the Arcane Arts
 37664 | D:15     | Reached XP level 16. HP: 134/134 MP: 30/30
 37966 | D:15     | Learned a level 2 spell: Blink
 37970 | D:15     | Learned a level 3 spell: Tukima's Dance
 37974 | D:15     | Learned a level 3 spell: Inner Flame
 38031 | D:15     | Identified Roxanne's Reference Book on Transmigration
 38031 | D:15     | Noticed Roxanne
 38058 | D:15     | Found Peoteeso's General Store.
 38070 | D:15     | Reached skill level 1 in Fire Magic
 38072 | D:15     | Bought a scroll of magic mapping for 35 gold pieces
 38072 | D:15     | Bought a potion of berserk rage for 50 gold pieces
 38313 | D:15     | Found a staircase to the Depths.
 38807 | D:15     | Learned a level 2 spell: Sublimation of Blood
 39096 | D:15     | Killed Roxanne
 39395 | Swamp:1  | Entered Level 1 of the Swamp
 41000 | Swamp:1  | Learned a level 4 spell: Animate Dead
 41021 | Swamp:1  | Noticed a thorn hunter
 41040 | Swamp:1  | Killed a thorn hunter
 42141 | Swamp:2  | Found a snail-covered altar of Cheibriados.
 42223 | Swamp:2  | Reached skill level 10 in Necromancy
 43200 | Swamp:3  | Noticed a tentacled monstrosity
 43214 | Swamp:3  | Killed a tentacled monstrosity
 43698 | Swamp:3  | Noticed Deodd's ghost (adept GrFi)
 43699 | Swamp:3  | Found a bloodstained altar of Trog.
 43713 | Swamp:3  | Found a transporter.
 43717 | Swamp:3  | Identified the +1 cloak of Dishonour {rN+}
 43727 | Swamp:3  | Found a transporter.
 44433 | Orc:1    | Bought a wand of mindburst (20) for 288 gold pieces
 44598 | D:3      | Killed Splishie's ghost
 45021 | Spider:1 | Entered Level 1 of the Spider Nest
 45337 | Spider:1 | Reached skill level 5 in Shields
 45489 | Spider:1 | Gained mutation: You are completely covered in razor-sharp
                  | scales. (AC +3, Slay +3) [demonic ancestry]
 45489 | Spider:1 | Reached XP level 17. HP: 137/148 MP: 30/33
 45715 | Spider:1 | Noticed Josephine
 45728 | Spider:1 | Killed Josephine
 46115 | Spider:1 | Reached ***** piety under Ashenzari
 47029 | Spider:2 | Reached skill level 11 in Fighting
 47705 | Spider:2 | Identified the +5 mace of the Globe {vorpal, +Blink rN+
                  | Stlth-}
 47780 | Spider:2 | Reached skill level 12 in Fighting
 49028 | Spider:3 | Reached skill level 13 in Fighting
 49362 | Spider:3 | Found a transporter.
 49374 | Spider:3 | Identified the -6 pair of boots "Niroydy" {Int+3}
 49387 | Spider:3 | Found a transporter.
 49789 | Spider:3 | Noticed Arachne
 49863 | Spider:3 | Killed Arachne
 50329 | Spider:4 | Entered Level 4 of the Spider Nest
 50649 | Spider:4 | Reached skill level 14 in Fighting
 51355 | Spider:4 | Acquired 629 gold pieces
 51650 | Spider:4 | Gained mutation: You have claws for feet. [demonic
                  | ancestry]
 51650 | Spider:4 | Reached XP level 18. HP: 169/169 MP: 16/35
 51891 | Spider:4 | Reached skill level 15 in Fighting
 52438 | Spider:4 | Got a gossamer rune of Zot
 52836 | Swamp:4  | Entered Level 4 of the Swamp
 52843 | Swamp:3  | Learned a level 3 spell: Mephitic Cloud
 53328 | Swamp:4  | Reached skill level 16 in Fighting
 53844 | Swamp:4  | Identified the +0 robe of Miesmes {Regen+ Int+2 SInv}
 53935 | Swamp:4  | Got a decaying rune of Zot
 53946 | Swamp:4  | Noticed Nikola
 53963 | Swamp:4  | Killed Nikola
 54630 | Orc:2    | Bought an amulet of reflection for 390 gold pieces
 54732 | Orc:1    | Bought a potion of magic for 216 gold pieces
 54732 | Orc:1    | Bought a potion of invisibility for 216 gold pieces
 55124 | Vaults:1 | Entered Level 1 of the Vaults
 55243 | Vaults:1 | Found a flickering gateway to a bazaar.
 55639 | Vaults:1 | Reached skill level 5 in Fire Magic
 57127 | Vaults:1 | Identified the amulet of Dodde {Regen+ Int+3}
 57795 | Vaults:1 | Reached XP level 19. HP: 180/180 MP: 31/35
 58850 | Vaults:2 | Reached skill level 10 in Axes
 59150 | Vaults:2 | Reached skill level 1 in Translocations
 59485 | Vaults:2 | Found Sorghaiterr's Antique Armour Boutique.
 60820 | Vaults:3 | Reached skill level 5 in Translocations
 61502 | Vaults:3 | Identified the amulet of Qeosih {Spirit +Inv Regen+}
 61972 | Vaults:3 | Found a staircase to the Crypt.
 63108 | Vaults:4 | Upgraded the game from 0.27-a0-1105-g946c659c87 to
                  | 0.27-a0-1116-g91b3acb402
 63375 | Vaults:4 | Noticed Sojobo
 64202 | Vaults:4 | Reached skill level 1 in Poison Magic
 64228 | Vaults:4 | Gained mutation: You regenerate a little health from kills.
                  | [demonic ancestry]
 64228 | Vaults:4 | Reached XP level 20. HP: 136/189 MP: 22/37
 65160 | Vaults:4 | Reached skill level 5 in Poison Magic
 65332 | Vaults:4 | Killed Sojobo
 66284 | Elf:1    | Entered Level 1 of the Elven Halls
 66284 | Elf:1    | Identified the +0 robe of the Devil {Harm *Slow rCorr
                  | Dex+4}
 66347 | Elf:1    | Reached skill level 1 in Air Magic
 66927 | Elf:1    | Noticed Agnes
 67365 | Elf:1    | Reached skill level 5 in Air Magic
 67569 | Elf:1    | Killed Agnes
 68879 | Elf:2    | Learned a level 4 spell: Sticky Flame
 69778 | Elf:2    | Found a runed translucent gate.
 69779 | Elf:2    | Found a runed translucent gate.
 69780 | Elf:2    | Found a runed translucent gate.
 69836 | Elf:2    | Found Raebb's Magic Scroll Boutique.
 70375 | Depths:1 | Entered Level 1 of the Depths
 70397 | Depths:1 | Noticed a golden dragon
 70419 | D:15     | Killed a golden dragon
 70871 | Depths:1 | Reached skill level 10 in Fire Magic
 70875 | Depths:1 | Paralysed by a floating eye for 3 turns
 71182 | Orc:2    | Bought 24 sling bullets for 156 gold pieces
 71184 | Orc:2    | Bought 16 sling bullets for 104 gold pieces
 71853 | Depths:1 | Found a gateway to Hell.
 71862 | Depths:1 | Found a one-way gate to the infinite horrors of the Abyss.
 72469 | Depths:1 | Gained mutation: A meltable icy envelope protects you from
                  | harm. (AC +0) [demonic ancestry]
 72469 | Depths:1 | Reached XP level 21. HP: 194/195 MP: 22/38
 73042 | Depths:1 | Reached skill level 10 in Shields
 73531 | Depths:1 | Identified the Volume of Toxins and Execration
 75715 | Depths:2 | Reached skill level 10 in Armour
 77604 | Depths:2 | Identified the +6 hand crossbow "Husheaho" {flame, Dex+4}
 77605 | Depths:2 | Identified the +8 flail of Accidental Termination {vorpal,
                  | Int+7}
 77606 | Depths:2 | Identified the +10 falchion "Nosh" {pain, rCorr Int+3}
 77608 | Depths:2 | Found the +3 giant club "Skullcrusher" {speed, Str+7}
 77622 | Depths:2 | Noticed a juggernaut
 77644 | Depths:2 | Killed a juggernaut
 78434 | Orc:2    | Bought a book of Death for 840 gold pieces
 78440 | Orc:2    | Learned a level 4 spell: Dispel Undead
 78791 | Crypt:1  | Entered Level 1 of the Crypt
 79036 | Crypt:1  | Noticed Mara
 79124 | Vaults:3 | Noticed Donald
 79136 | Vaults:3 | Killed Donald
 79137 | Vaults:3 | Reached XP level 22. HP: 204/204 MP: 20/39
 79705 | Crypt:1  | Noticed an ancient lich
 79719 | Crypt:1  | Identified the +9 lajatang "Retter" {flame, rPois rC+
                  | Int+2}
 79719 | Crypt:1  | Identified Sif Muna's Collected Works on Warped
                  | Transmutation
 79733 | Crypt:1  | Noticed dolemite99's illusion
 83437 | Crypt:2  | Reached skill level 17 in Fighting
 84130 | Crypt:3  | Entered Level 3 of the Crypt
 84849 | Crypt:3  | Found an ancient bone altar of Kikubaaqudgha.
 85313 | Crypt:3  | Reached skill level 18 in Fighting
 85566 | Crypt:3  | Identified the +9 battleaxe of Distraction {vamp, Dex+6}
 85566 | Crypt:3  | Identified the Catalogue of Unholy Arts
 87278 | Crypt:3  | Identified the +1 plate armour "Efili" {rF+}
 88209 | Crypt:3  | Noticed Khufu
 88908 | Depths:3 | Reached skill level 19 in Fighting
 89659 | Depths:3 | Gained mutation: You are very robust. (+20% HP) [demonic
                  | ancestry]
 89659 | Depths:3 | Reached XP level 23. HP: 204/240 MP: 17/40
 89832 | Depths:3 | Paralysed by a floating eye for 3 turns
 90405 | Orc:2    | Bought a book of Summonings for 840 gold pieces
 90413 | Orc:2    | Learned a level 6 spell: Shadow Creatures
 90728 | Depths:3 | Reached skill level 1 in Summonings
 91363 | Depths:3 | Reached skill level 5 in Summonings
 91621 | Depths:3 | Found a one-way gate leading to the halls of Pandemonium.
 93367 | Depths:4 | Found an ornate altar of the Wu Jian Council.
 93403 | Depths:4 | Found Hiulou's Weapon Boutique.
 93454 | Depths:4 | Found Itigrun's Jewellery Emporium.
 93454 | Depths:4 | Found Jokk's Book Boutique.
 93455 | Depths:4 | Found Hab Gux's Jewellery Emporium.
 93461 | Depths:4 | Bought a ring of poison resistance for 200 gold pieces
 93540 | Depths:4 | Found a runed translucent door.
 93634 | Depths:4 | Learned a level 5 spell: Borgnjor's Vile Clutch
 93787 | Depths:4 | Found a runed translucent door.
 93843 | Depths:5 | Entered Level 5 of the Depths
 93998 | Depths:5 | Reached skill level 10 in Summonings
 94335 | Depths:5 | Found a gateway to a ziggurat.
 94503 | Depths:5 | Noticed an ancient lich
 94506 | Depths:5 | Identified the Disquisition on Icy Stolen Souls
 94528 | Depths:5 | Killed an ancient lich
 94596 | Depths:5 | Noticed Mennas
 95518 | Depths:5 | Gained mutation: You are extremely robust. (+30% HP)
                  | [demonic ancestry]
 95518 | Depths:5 | Reached XP level 24. HP: 206/270 MP: 21/40
 95910 | Depths:5 | Found a gate to the Realm of Zot.
 96045 | Depths:5 | Killed Mennas
 97005 | Elf:3    | Entered Level 3 of the Elven Halls
 97077 | Elf:3    | Reached skill level 1 in Earth Magic
 97333 | Elf:3    | Found a bloodstained altar of Trog.
 98243 | Elf:3    | Identified the +1 chain mail of Ajidofe {Will++ Dex-3}
 98303 | Elf:3    | Identified the +3 ring mail "Olocyokos" {rC+ rN+ Str+3}
 99243 | Elf:3    | Reached skill level 5 in Stealth
 99257 | Elf:3    | Identified the +9 battleaxe "Luiloubb" {pain, rPois Str+2}
100449 | Elf:3    | Identified the +1 robe "Zinirr" {SInv}
100583 | Elf:3    | Identified the +3 ring mail "Zuta" {Will- Str+7}
100689 | Elf:3    | Identified the +9 hunting sling "Mauskott" {freeze, rElec
                  | rN++ Stlth+}
100691 | Elf:3    | Identified the +5 plate armour of Omission {rN+ rCorr
                  | Int+3}
100691 | Elf:3    | Identified the Grimoire of Destructive Cold
100692 | Elf:3    | Found the +4 dagger "Morg" {pain, Will+ Int+5}
100846 | Elf:3    | Identified Emoireux's Reference Book on the Entourage and
                  | Contamination
101183 | Elf:3    | Identified Yraeguar's Volume of Feathery Transmutation
101189 | Elf:3    | Identified the +6 hunting sling of Youthful Indiscretion
                  | {speed, rElec}
101331 | Elf:3    | Found Ukkis's Weapon Boutique.
102297 | Vaults:5 | Entered Level 5 of the Vaults
102723 | Vaults:5 | Noticed an ancient lich
102741 | Vaults:5 | Killed an ancient lich
102742 | Vaults:5 | Reached skill level 10 in Dodging
104742 | Vaults:5 | Noticed an ancient lich
104773 | Vaults:5 | Killed an ancient lich
105132 | Vaults:5 | Identified the amulet "Jenamyic" {Contam rC+++ Regen+ rCorr
                  | Int-3}
105288 | Vaults:5 | Noticed an ancient lich
105315 | Vaults:5 | Identified the amulet "Heygufuy" {Faith rElec Str+3 Int+3}
105320 | Vaults:5 | Identified the +9 short sword "Etuke" {venom, Int+2}
105320 | Vaults:5 | Identified the amulet "Anniqif" {Spirit rPois Int+2 Dex+6}
105344 | Vaults:5 | Killed an ancient lich
105345 | Vaults:5 | Gained mutation: You regenerate health from kills. [demonic
                  | ancestry]
105345 | Vaults:5 | Reached XP level 25. HP: 243/278 MP: 2/41
105387 | Vaults:5 | Identified the +10 shortbow "Apraent Esie" {venom, rElec}
105387 | Vaults:5 | Identified the Incunabulum of the Escort and Heat
106320 | Vaults:5 | Identified the Collected Works on Ice
106326 | Vaults:5 | Got a silver rune of Zot
106853 | Vaults:5 | Noticed a dread lich
106865 | Vaults:5 | Killed a dread lich
109010 | Zot:1    | Entered Level 1 of the Realm of Zot
109420 | Zot:1    | Noticed an orb of fire
109466 | Zot:1    | Killed an orb of fire
110217 | Orc:1    | Bought a potion of mutation for 104 gold pieces
110289 | Elf:3    | Learned a level 2 spell: Passwall
111190 | Zot:1    | Identified the +1 ring mail "Vistrefu" {rF+++ rC+ rCorr
                  | Int-5}
112647 | Zot:2    | Reached skill level 10 in Throwing
112839 | Zot:2    | Found a huge runed gate.
112839 | Zot:2    | Found a huge runed gate.
112995 | Zot:2    | Found a huge runed gate.
113036 | Zot:2    | Found a huge runed gate.
113152 | Zot:2    | Acquired the Grimoire of the Fetching Escort
113821 | Zot:2    | Found a huge runed gate.
113821 | Zot:2    | Found a huge runed gate.
113821 | Zot:2    | Found a huge runed gate.
113832 | Zot:2    | Found a huge runed gate.
113832 | Zot:2    | Found a huge runed gate.
113832 | Zot:2    | Found a huge runed gate.
113836 | Zot:2    | Found a huge runed gate.
113837 | Zot:2    | Found a huge runed gate.
113838 | Zot:2    | Found a huge runed gate.
113845 | Zot:2    | Found a huge runed gate.
113845 | Zot:2    | Found a huge runed gate.
113845 | Zot:2    | Found a huge runed gate.
113845 | Zot:2    | Found a huge runed gate.
113845 | Zot:2    | Found a huge runed gate.
113846 | Zot:2    | Found a huge runed gate.
113847 | Zot:2    | Found a huge runed gate.
113848 | Zot:2    | Found a huge runed gate.
113857 | Zot:2    | Found a huge runed gate.
113859 | Zot:2    | Found a huge runed gate.
113859 | Zot:2    | Found a huge runed gate.
113859 | Zot:2    | Found a huge runed gate.
113859 | Zot:2    | Found a huge runed gate.
113859 | Zot:2    | Found a huge runed gate.
113859 | Zot:2    | Found a huge runed gate.
114346 | Zot:2    | Learned a level 5 spell: Summon Mana Viper
114430 | Zot:2    | Found a huge runed gate.
115903 | Zot:3    | Reached skill level 5 in Earth Magic
117203 | Zot:3    | HP: 5/273 [??? (1)]
118065 | Zig:1    | Entered Level 1 of a ziggurat
118072 | Zig:1    | Reached XP level 26. HP: 251/282 MP: 21/40
118559 | Zig:2    | Entered Level 2 of a ziggurat
118873 | Zig:3    | Entered Level 3 of a ziggurat
118977 | Zig:4    | Entered Level 4 of a ziggurat
118977 | Zig:4    | Identified the ring "Vuarugy" {*Slow rPois rN+ Will++
                  | rCorr}
119006 | Zig:4    | HP: 13/287 [phantasmal warrior[a mummy priest] (16)]
119510 | Depths:4 | Voluntarily entered the Abyss.
120409 | Abyss:3  | Learned a level 1 spell: Apportation
120848 | Abyss:3  | Reached skill level 15 in Armour
121029 | Depths:4 | Escaped the Abyss
121990 | Slime:1  | Entered Level 1 of the Pits of Slime
124695 | D:12     | Killed Orlauf's ghost
127667 | Slime:5  | Entered Level 5 of the Pits of Slime
127683 | Slime:5  | Gained mutation: You passively map a small area around you.
                  | [a shining eye]
128993 | Slime:5  | Gained mutation: Your magical capacity is low. (-10% MP) [a
                  | shining eye]
130268 | Slime:5  | Gained mutation: You are weak. (Str -2) [a shining eye]
130333 | Slime:5  | Reached skill level 15 in Dodging
131062 | Slime:5  | Gained mutation: Armour fits poorly on your strangely
                  | shaped body. [a shining eye]
132554 | Slime:5  | Noticed the Royal Jelly
134286 | Swamp:3  | Killed Deodd's ghost
137268 | Zot:3    | Reached skill level 20 in Fighting
137967 | Vaults:5 | Learned a level 7 spell: Malign Gateway
138357 | Depths:1 | Voluntarily entered the Abyss.
138359 | Abyss:1  | Found a corrupted altar of Lugonu.
138445 | Abyss:1  | Gained mutation: You regenerate a lot of health from kills.
                  | [demonic ancestry]
138445 | Abyss:1  | Reached XP level 27. HP: 161/297 MP: 12/37
138584 | Abyss:1  | Reached skill level 10 in Translocations
138904 | Abyss:1  | HP: 12/297 [wretched star/lance of force (29)]
138904 | Abyss:1  | HP: 5/297 [rock wall collision (7)]
138910 | Depths:1 | Escaped the Abyss
139409 | Depths:1 | Voluntarily entered the Abyss.
139440 | Depths:1 | Escaped the Abyss
143041 | Zot:5    | Entered Level 5 of the Realm of Zot
145248 | Zot:5    | Noticed a dread lich
145263 | Zot:5    | Killed a dread lich
145265 | Zot:5    | Killed a dread lich
145402 | Zot:5    | Noticed an ancient lich
146229 | Zot:5    | Noticed an orb of fire
146236 | Zot:5    | Noticed an orb of fire
146238 | Zot:5    | Gained mutation: You are very weak. (Str -4) [an orb of
                  | fire]
146256 | Zot:5    | HP: 7/300 [Killer Klown/+10 club of venom (16)]
146256 | Zot:5    | Mangled by an Orb Guardian

Illustrated notes

Levels and vault maps discovered:
D:1:      lemuel_arrival_rhombus, layout_basic,
          shapermc_ecumenical_altar_notcrosses
D:2:      layout_rooms, minmay_between
D:3:      layout_loops_ring, nemelex_xobeh_ov_fountains_minmay,
          nicolae_vehumet_altar_sigil, gammafunk_ghost_icy,
          small_statue_intersection, st_stairs_13, guppyfry_early_lair_pool
D:4:      kennysheep_spiral_hall, layout_layer_cave, lemuel_tele_altar,
          kennysheep_generic_room_12, uniq_edmund
D:5:      layout_basic, cheibrodos_ashenzari_chains, kennysheep_little_box,
          uniq_pikel, uniq_prince_ribbit1
D:6:      layout_loops_ring, fedhas_ov_isle_minmay, kennysheep_crisscross,
          kennysheep_minor_cross
D:7:      kennysheep_big_flooded_room, layout_basic, minmay_temple_entry_fiery,
          minmay_fountain_box, abandoned_shop
D:8:      layout_basic, okawaru_humans, nrook_mini_vaults,
          kennysheep_small_circle
D:9:      layout_basic, elyvilon_altar_3, david_orc_2, uniq_maurice, uniq_maggie
D:10:     minmay_the_grid_octo_2x2 [minmay_the_grid_octo_checkered,
          minmay_the_grid_octo_toaster, minmay_the_grid_octo_fan_narrow,
          minmay_the_grid_octo_prize_star], layout_loops_ring, minitemple,
          nicolae_trove_entry_path_of_doom, uniq_urug, uniq_snorg,
          uniq_gastronok
D:11:     layout_loops_cross, serial_shops, nicolae_shop_crystal, uniq_fannar,
          uniq_erolcha
D:12:     layout_stronghold, gammafunk_ghost_mausoleum, uniq_psyche
D:13:     layout_gridville, serial_co_window_serial, co_window_cross_1,
          co_window_corner_a, co_window_paths_b, co_window_paths_a,
          co_window_corner_a, co_window_unsneaky_path_a, co_window_broadway_c,
          co_window_2corner, co_window_of_opportunity_b,
          co_window_of_opportunity_b, co_window_paths_e, co_window_sun,
          glass_columns_b, glass_columns_b, glass_columns_c, glass_columns_a,
          glass_columns_b, serial_shops, shop, uniq_jorgrun
D:14:     layout_rooms, ximxim_vaults_locker_room,
          grunt_dithmenos_smoke_and_mirrors
D:15:     hangedman_depths_entry_try_elsewhere_first, layout_small_grid,
          serial_shops, shop, minivault_16, minmay_diced_spiral, uniq_roxanne
Temple:   jpeg_temple_alley_garden
Lair:1:   layout_regular_city, minmay_lair_oklob_chamber, uniq_grum, uniq_sonja
Lair:2:   layout_cave_pods
Lair:3:   layout_chaotic_city, swamp_mist_pool, nicolae_spider_entry_non_spiders
Lair:4:   beast_lair_carwin_large_1, layout_gridlike, hangedman_tree_tricks
Lair:5:   layout_regular_city, dpeg_slime_entry_enclosed_altar,
          portal_ice_cave_rime, minmay_lair_oklob_items,
          chequers_serial_rivers_small_b, grunt_megastairs_3
Lair:6:   gammafunk_lair_ancient_temple, layout_small_grid,
          gammafunk_ghost_endoplasm, serial_bayou, serial_bayou_shore_a,
          serial_bayou_pond_e, serial_bayou_pond_d, serial_bayou_shore_b,
          hibernation_bobbens
Swamp:1:  layout_basic_swamp, evilmike_swamp_ruin_house_1
Swamp:2:  layout_falls_marsh, basic_altar
Swamp:3:  nicolae_swamp_ascending_descending, layout_basic_swamp,
          gammafunk_ghost_wrathful_warriors,
          nicolae_swamp_feature_on_the_river_bank, statue_in_the_mist_lemuel
Swamp:4:  swamp_fiery, layout_basic_swamp, worms_lemuel, uniq_nikola
Spider:1: layout_chambers, uniq_josephine
Spider:2: layout_spider_delve
Spider:3: gammafunk_sealed_arena, nicolae_spider_spiderdrome,
          hangedman_spider_tarantella_strand, uniq_arachne
Spider:4: spider_rune_water
Slime:1:  layout_caves, nicolae_slime_phagocytosis
Slime:2:  layout_caves, nicolae_slime_ancient_tower_intersection
Slime:3:  layout_caves
Slime:4:  layout_caves
Slime:5
Orc:1:    layout_caves, serial_shops, shop, shop, shop, shop,
          minmay_orc_temple_c
Orc:2:    grunt_orc_gardens, layout_caves, grunt_orc_garden, grunt_orc_garden,
          grunt_orc_garden, grunt_orc_garden, nicolae_orc_damp_corner,
          uniq_saint_roka, uniq_azrael, uniq_rupert
Elf:1:    layout_geoelf_octagon, hangedman_elven_crosses_minicolossus,
          minmay_misc_feat_diagonals, uniq_agnes
Elf:2:    layout_gridlike, serial_shops,
          nicolae_shop_competitors_out_of_business, st_stairs_3, minivault_19
Elf:3:    elf_hall_gauntlet_wide, layout_gridlike, serial_shops, bzr_entry_safe,
          shop, evilmike_spriggan_trog_shrine, grunt_megastairs_5
Vaults:1: hangedman_vaults_cutoff, vaults_room_large_hall,
          vaults_room_stairs_pillars, vaults_room_hangedman_quadrants,
          v_misc_19, hangedman_vaults_trim, nicolae_vaults_angled_halls,
          vaults_room_stairs_pillars, vaults_room_corners,
          nicolae_vaults_hallways_thing, hangedman_vaults_snaps,
          vaults_dpeg_spiral, hangedman_vaults_stream, vaults_mumra_chevron,
          vaults_room_pool, nicolae_vaults_specimen_jars, v_misc_12,
          layout_vaults_maze, serial_shops, bzr_entry_lakeside, serial_glass
Vaults:2: nicolae_vaults_little_squares_6, nicolae_vaults_diagonal_hallway_9,
          grunt_vaults_twisty, hangedman_vaults_pinch,
          ontoclasm_vaults_misaligned, vaults_dpeg_doors, v_rooms_1, v_misc_27,
          nicolae_vaults_yaktaur_gun_rack, grunt_vaults_funnel,
          ontoclasm_vaults_ring_small, layout_vaults_omnibox, serial_shops,
          nicolae_shop_overgrown_old_shop
Vaults:3: ontoclasm_vaults_echo, blue_anna_dwarven_crypt, vaults_dpeg_hooks,
          v_alt_pattern_2, nicolae_vaults_network_square,
          nicolae_vaults_alarming, grunt_vaults_bifocal, ontoclasm_vaults_spin,
          ontoclasm_vaults_gateway, layout_vaults_omnigrid, uniq_donald
Vaults:4: ontoclasm_vaults_decontamination, v_alt_pattern_3,
          hangedman_vaults_nails, v_misc_17, v_misc_8, v_misc_13,
          nicolae_vaults_network_star, hangedman_vaults_cutoff,
          vaults_room_semicircle, ontoclasm_vaults_hangar,
          ontoclasm_vaults_ligature, ontoclasm_vaults_gallery,
          nicolae_vaults_gold_heap, layout_vaults_chaotic_city, uniq_sojobo
Vaults:5: serial_shops
Crypt:1:  layout_misc_corridors, st_shrine_of_skulls, uniq_mara
Crypt:2:  layout_chaotic_city
Crypt:3:  grunt_crypt_end_deaths_head
Depths:1: minmay_concentric_multi, layout_cave_shapes,
          abyss_entry_small_statue_room, pf_dread_powers_of_hell, fountainhead,
          dispersion_dpeg
Depths:2: giant_chief_lemuel, layout_basic, serial_rivers,
          chequers_serial_rivers_small_b, chequers_serial_rivers_small_a,
          chequers_serial_rivers_micro_a, chequers_serial_rivers_large_b,
          hell_entry
Depths:3: minmay_ornate_pinched, layout_basic, grunt_hell_horde, pan_entry,
          abyss_entry, kennysheep_generic_room_15,
          minmay_staircase_windowed_small
Depths:4: thingy_vault_2, layout_cave_pools,
          nicolae_wu_jian_immortal_techniques, serial_shops, nicolae_shop_stone,
          abyss_entry, pf_coc_iceberg, hangedman_abyss_or_decor_stagger,
          st_stairs_13, minmay_shop_grove, minmay_staircase_bubble
Depths:5: grunt_zot_entry_bicorn, layout_gridville, enter_ziggurat_a, pan_entry,
          special_room [special_room_magic_class], grunt_decor_clamped,
          hellmouth_1, uniq_mennas
Zot:1:    layout_concentric_octagons
Zot:2:    layout_cathedral_of_symmetry, door_vault
Zot:3:    nicolae_moth_party, layout_gridlike, hangedman_snap_crack_crunch
Zot:4:    grunt_deathspiral_small, layout_onion_interference,
          hangedman_hellfire_club
Zot:5:    layout_gridville

Skill      XL: |  1  2  3  4  5  6  7  8  9 10 11 12 13 14 15 16 17 18 19 20 21 22 23 24 25 26 27 |
---------------+----------------------------------------------------------------------------------+-----
Ice Magic      | 4 5 6 7 8 10 | 10.9
Spellcasting   | 3 5 9 10 11 12 | 12.3
Axes           | 4 5 7 9 10 | 10.0
Fighting       | 4 6 8 10 14 16 19 20 | 20.0
Shields        | 4 5 6 7 9 11 | 11.3
Armour         | 1 2 3 6 7 8 11 12 13 15 | 15.9
Dodging        | 5 9 12 16 | 16.4
Throwing       | 1 6 12 | 12.3
Evocations     | 6 7 |  7.3
Necromancy     | 4 7 12 | 12.2
Stealth        | 3 8 |  8.0
Conjurations   | 6 7 8 |  8.3
Hexes          | 7 8 |  8.1
Slings         | 3 7 |  7.3
Fire Magic     | 3 9 10 | 10.0
Translocations | 9 13 | 13.8
Poison Magic   | 3 8 |  8.0
Air Magic      | 6 7 |  7.6
Summonings     | 12 13 | 13.9
Earth Magic    | 4 7 |  7.6

Action                   |  1- 3 |  4- 6 |  7- 9 | 10-12 | 13-15 | 16-18 | 19-21 | 22-24 | 25-27 || total
-------------------------+-------+-------+-------+-------+-------+-------+-------+-------+-------++-------
Melee: Whip              |    15 |       |       |       |       |       |       |       |       ||    15
       Unarmed           |     1 |       |       |       |       |       |       |       |       ||     1
       Kick              |     5 |     3 |    35 |   106 |   233 |   116 |   165 |   219 |   363 ||  1245
       Flail             |       |    16 |     3 |       |    29 |       |    31 |       |       ||    79
       Hand axe          |       |       |   126 |   226 |   436 |   638 |   255 |   476 |   534 ||  2691
       Broad axe         |       |       |       |       |     8 |       |   100 |    15 |   110 ||   233
       Hunting sling     |       |       |       |       |       |       |     1 |       |       ||     1
       Trident           |       |       |       |       |       |       |       |       |    26 ||    26
 Fire: Hunting sling     |       |       |       |     3 |   611 |   786 |  1026 |   506 |   399 ||  3331
Throw: Dart              |     2 |    18 |    61 |    35 |   125 |   135 |       |       |       ||   376
       Stone             |       |     1 |       |       |    20 |     6 |    76 |     3 |       ||   106
       Throwing net      |       |       |       |     2 |     2 |       |       |       |       ||     4
       Boomerang         |       |       |       |       |     5 |       |       |       |       ||     5
       Javelin           |       |       |       |       |       |    32 |    21 |    85 |    42 ||   180
 Cast: Freeze            |    43 |    44 |    93 |   118 |   114 |       |       |       |       ||   412
       Frozen Ramparts   |     1 |     5 |    25 |    51 |   108 |    34 |   119 |    90 |    67 ||   500
       Ozocubu's Armour  |       |     1 |     8 |     3 |     3 |       |       |       |       ||    15
       Animate Skeleton  |       |       |       |     2 |   146 |    16 |    40 |       |       ||   204
       Hailstorm         |       |       |       |       |    13 |    15 |    10 |     2 |       ||    40
       Vampiric Draining |       |       |       |       |     1 |    36 |    68 |     7 |    10 ||   122
       Corona            |       |       |       |       |    27 |     1 |     3 |       |       ||    31
       Dazzling Flash    |       |       |       |       |    14 |     2 |       |       |       ||    16
       Cause Fear        |       |       |       |       |     2 |     9 |     5 |       |       ||    16
       Animate Dead      |       |       |       |       |       |   105 |    26 |    66 |    43 ||   240
       Confusing Touch   |       |       |       |       |       |     1 |       |       |       ||     1
       Inner Flame       |       |       |       |       |       |     9 |     2 |       |       ||    11
       Sublimation of Bl |       |       |       |       |       |     5 |     6 |    63 |   105 ||   179
       Blink             |       |       |       |       |       |     1 |     3 |    16 |     8 ||    28
       Tukima's Dance    |       |       |       |       |       |       |    49 |     4 |       ||    53
       Sticky Flame      |       |       |       |       |       |       |    47 |   194 |    96 ||   337
       Mephitic Cloud    |       |       |       |       |       |       |    39 |    48 |       ||    87
       Dispel Undead     |       |       |       |       |       |       |    10 |   173 |    53 ||   236
       Shadow Creatures  |       |       |       |       |       |       |       |   178 |   399 ||   577
       Borgnjor's Vile C |       |       |       |       |       |       |       |     6 |    38 ||    44
       Apportation       |       |       |       |       |       |       |       |       |     5 ||     5
       Malign Gateway    |       |       |       |       |       |       |       |       |     8 ||     8
       Summon Mana Viper |       |       |       |       |       |       |       |       |     6 ||     6
Invok: Curse Item        |       |       |     4 |     3 |     3 |     4 |     1 |       |     2 ||    17
       Shatter the Chain |       |       |     1 |     1 |     2 |     3 |       |       |     2 ||     9
Evoke: Wand              |       |       |     5 |    49 |    34 |    71 |    28 |    10 |     9 ||   206
       Tin of tremorston |       |       |       |     3 |     8 |    14 |    14 |    16 |    13 ||    68
       Box of beasts     |       |       |       |     1 |     8 |    11 |     6 |     8 |     6 ||    40
       Phial of floods   |       |       |       |     1 |     7 |    10 |    13 |     9 |     5 ||    45
       Condenser vane    |       |       |       |       |       |     5 |    12 |    12 |     9 ||    38
       Piece from Xom's  |       |       |       |       |       |     4 |     6 |     1 |       ||    11
       Phantom mirror    |       |       |       |       |       |       |       |    10 |    10 ||    20
  Use: Scroll            |       |     1 |     1 |     7 |    13 |    14 |    11 |     9 |    14 ||    70
       Potion            |       |     1 |     3 |     9 |    13 |    20 |     9 |    10 |    28 ||    93
 Stab: Invisible         |       |       |     2 |       |    11 |       |       |       |     2 ||    15
       Paralysed         |       |       |       |     1 |    11 |       |       |       |       ||    12
       Distracted        |       |       |       |       |     6 |     3 |     3 |     6 |    15 ||    33
       Held in net/web   |       |       |       |       |     2 |     1 |       |       |       ||     3
       Confused          |       |       |       |       |       |       |     2 |     7 |     1 ||    10
Armor: Robe              |     4 |    11 |       |       |       |       |       |       |       ||    15
       Ring mail         |     2 |       |    85 |       |       |       |       |       |       ||    87
       Skin              |       |     5 |     8 |     1 |       |       |       |       |       ||    14
       Chain mail        |       |       |    20 |   189 |   321 |   620 |   403 |   432 |   682 ||  2667
Dodge: Dodged            |    39 |    45 |   105 |   143 |   286 |   444 |   197 |   313 |   659 ||  2231
Block: Other             |       |     8 |    23 |       |       |       |       |       |       ||    31
       Buckler           |       |       |    32 |   172 |   315 |   413 |       |       |       ||   932
       Kite shield       |       |       |       |       |       |    95 |   837 |  1069 |  1221 ||  3222
       Reflection        |       |       |       |       |       |       |    58 |    47 |     8 ||   113

Table legend: (Time is in decaauts)
 A = Elapsed time spent in this place.
 B = Non-inter-level travel time spent in this place.
 C = Inter-level travel time spent in this place.
 D = Time resting spent in this place.
 E = Time spent auto-exploring this place.
 F = Levels seen in this place.
 G = Mean time per level.
                   A        B        C        D        E       F      G
               +--------+--------+--------+--------+--------+-----+--------+
         Total | 144679 | 130401 |  14278 |  61716 |  41102 |  67 | 2159.4 |
       Dungeon |  32577 |  26718 |   5859 |  11637 |  10810 |  15 | 2171.8 |
        Temple |    230 |    175 |     55 |      0 |    175 |   1 |  230.0 |
          Lair |  11558 |   9844 |   1714 |   2318 |   4850 |   6 | 1926.3 |
         Swamp |   5921 |   5271 |    650 |   1330 |   2377 |   4 | 1480.2 |
   Spider Nest |   7505 |   7310 |    195 |   1628 |   3860 |   4 | 1876.2 |
    Slime Pits |  10837 |  10686 |    151 |   9088 |    440 |   5 | 2167.4 |
  Orcish Mines |   3752 |   2873 |    879 |    619 |   1142 |   2 | 1876.0 |
   Elven Halls |   8726 |   8475 |    251 |   4610 |   2020 |   3 | 2908.7 |
        Vaults |  18808 |  16556 |   2252 |   6765 |   5855 |   5 | 3761.6 |
         Crypt |   8952 |   8813 |    139 |   5794 |   1393 |   3 | 2984.0 |
        Depths |  16680 |  14996 |   1684 |   7456 |   3970 |   5 | 3336.0 |
           Zot |  16241 |  15796 |    445 |   9361 |   3952 |   5 | 3248.2 |
         Abyss |   1952 |   1952 |      0 |    281 |    255 |   5 |  390.4 |
      Ziggurat |    935 |    935 |      0 |    825 |      0 |   4 |  233.8 |
               +--------+--------+--------+--------+--------+-----+--------+

Top non-repeatable levels by time:
Vaults:5: 6790 daAuts
 Slime:4: 5036 daAuts
   Elf:3: 4898 daAuts
   Zot:3: 4676 daAuts
     D:1: 4595 daAuts
Depths:1: 4124 daAuts
Depths:2: 4027 daAuts
Vaults:4: 4026 daAuts
 Crypt:3: 3989 daAuts
 Crypt:2: 3844 daAuts
Depths:5: 3361 daAuts
Vaults:1: 3290 daAuts
     D:4: 3233 daAuts
   Zot:4: 3211 daAuts
   Zot:2: 3104 daAuts
